 Dungeon Crawl Stone Soup version 0.31-a0-889-g1a8549509d (webtiles) character file.

Game seed: 3708003804737554360

1447 Error4North the Ruffian (level 8, -2/66 HPs)
             Began as a Purple Draconian Shapeshifter on Oct 17, 2023.
             Slain by an orc warrior
             ... wielding a +0 hand axe
              (8 damage)
             ... on level 6 of the Dungeon.
             The game lasted 00:16:53 (4486 turns).

Error4North the Ruffian (DrSh)                      Turns: 4486, Time: 00:16:54

Health: -2/66      AC:  6    Str: 16    XL:     8   Next: 46%
Magic:  14/14      EV: 13    Int: 11    God:
Gold:   194        SH:  0    Dex: 11    Spells: 15/15 levels left

rFire   . .          .
                       - Unarmed
rCold   . . .        (no shield)
rNeg    . . .        (body armour unavailable)
rPois   .            (helmet currently unavailable)
rElec   +            (cloak currently unavailable)
rCorr   .            h - melded +0 pair of gloves
SInv    .            d - melded +0 pair of boots
Will    .....        (no amulet)
Stlth   +            g - ring of flight
HPRegen 0.31/turn    (no ring)
MPRegen 0.14/turn

%: no passive effects
@: beast-form, silenced, weak-willed, flying, invisible
A: beast (slay +2), breathe power, AC +6, unfitting armour, cold-blooded,
antennae 1, electricity resistance, weak 1
a: Breathe Dispelling Energy, Begin Untransformation


You were on level 6 of the Dungeon.
You were a hulking beast.
You visited 1 branch of the dungeon, and saw 6 of its levels.

You collected 309 gold pieces.
You spent 115 gold pieces at shops.

Inventory:

Armour
 d - a +0 pair of boots (melded)
 h - a +0 pair of gloves (melded)
Jewellery
 g - a ring of flight (left hand)
Talismans
 b - a beast talisman (active)
 c - a flux talisman
Scrolls
 e - a scroll of revelation
 f - 3 scrolls of identify
 l - a scroll of summoning {unknown}
 n - a scroll of brand weapon {unknown}
 o - 2 scrolls of enchant weapon {unknown}
 p - a scroll of amnesia {unknown}
 q - a scroll of fear {unknown}
 t - a scroll of immolation {unknown}
 u - a scroll of blinking {unknown}
 w - a scroll of acquirement {unknown}
Potions
 a - 3 potions of lignification
 j - a potion of attraction
 r - a potion of might
 s - a potion of brilliance


   Skills:
 * Level 4.0 Fighting
 * Level 4.8 Dodging
 + Level 1.7 Stealth
 + Level 6.5 Unarmed Combat
 * Level 4.1 Spellcasting
 * Level 4.9 Shapeshifting


You had 15 spell levels left.
You didn't know any spells.
Your spell library contained the following spells:

 Spells                   Type           Power      Damage    Failure   Level
 Cigotuvi's Dreadful Rot  Necr/Pois/Air  4%         N/A       34%         2
 Dispel Undead            Necr           2%         3d7       93%         4
 Death Channel            Necr           1%         N/A       100%        6


Dungeon Overview and Level Annotations

Branches:
Dungeon (6/15)
 Temple: D:4-7

Altars:

Shops:
D:4 *


Innate Abilities, Weirdness & Mutations

You are a hulking beast.
Your limbs bulge with bestial killing power. (Slay +2)
You can breathe bolts of dispelling energy.
Your rich purple scales are hard. (AC +6)
You cannot fit into any form of body armour.
You are cold-blooded and may be slowed by cold attacks.
You have a pair of small antennae on your head.
You are resistant to electric shocks. (rElec)
You are weak. (Str -2)


Message History

The orc warrior closely misses you.
You hit the orc warrior but do no damage.
You tail-slap the orc warrior.
The orc warrior is severely wounded.
You hit the orc warrior but do no damage.
You punch the orc warrior.
The orc warrior is severely wounded.
The orc warrior hits you with a +0 hand axe.
You hit the orc warrior.
The orc warrior is almost dead.
The orc warrior hits you with a +0 hand axe!
You barely miss the orc warrior. Your punch misses the orc warrior.
The orc warrior is almost dead.
The orc warrior hits you with a +0 hand axe!
* * * LOW HITPOINT WARNING * * *
You hit the orc warrior. You punch the orc warrior.
The orc warrior is almost dead.
The orc warrior barely misses you.
It was a potion of invisibility.
You fade into invisibility!
The orc warrior hits you with a +0 hand axe!
* * * LOW HITPOINT WARNING * * *
It was a potion of mutation.
You feel extremely strange.
You feel insulated. A pair of antennae grows on your head!
You feel weaker.
You have got your breath back.
The orc warrior barely misses you.
Okay, then.
As you read the scroll labelled RARESI HOYM, it crumbles to dust.
Magic quickly surges around you.
It was a scroll of vulnerability.
The orc warrior hits you with a +0 hand axe.
* * * LOW HITPOINT WARNING * * *
You see here an adder corpse.
As you read the scroll labelled DEDDODWARRE, it crumbles to dust.
A profound silence engulfs you.
It was a scroll of silence.
The orc warrior barely misses you.
Found a glowing falchion.
You hit the orc warrior.
The orc warrior is almost dead.
The orc warrior hits you with a +0 hand axe!
You die...

#####... ..# #.# #.# #.#
######### #.# #. #.#
#.......######.##
....#)......#.......#
..#.......#.##.##.# .
.........#.##[##.# ..
#.......#.##.##.#
#.......#.##.##.#
#..h............# ###
###o#####.##.#### ...
#.#####K##.# # ###.###
#.##.......# .. .....#
##.##.##.#### #.
#.#.####..).....#
###..###....†...########
........##.######
#..##.##.#


You could see an orc warrior (unable to see you, weak-willed).

Vanquished Creatures
  Pikel (D:6)
  A phantom (D:5)
  A centaur (D:5)
  A bullfrog (D:6)
  3 scorpions (D:5)
  3 hounds
  2 orc priests (D:4)
  5 iguanas
  A sleepcap (D:6)
  2 orc wizards
  12 gnolls
  6 adders
  2 worms
  6 dart slugs
  19 orcs
  2 bats (D:3)
  7 endoplasms
  3 giant cockroaches
  3 goblins
  5 hobgoblins
  2 jackals (D:2)
  4 ball pythons
  2 frilled lizards (D:1)
  5 kobolds
  7 rats
105 creatures vanquished.

Notes
Turn   | Place    | Note
-------+----------+-------------------------------------------
     0 | D:1      | Error4North the Draconian Shapeshifter began the quest for
                  | the Orb.
     0 | D:1      | Reached XP level 1. HP: 16/16 MP: 1/1
   227 | D:1      | Reached XP level 2. HP: 22/23 MP: 2/2
   228 | D:1      | Found a faded altar of an unknown god.
  1216 | D:2      | Reached XP level 3. HP: 28/28 MP: 4/4
  1410 | D:2      | Reached skill level 1 in Spellcasting
  1767 | D:3      | Reached XP level 4. HP: 36/36 MP: 5/5
  2256 | D:4      | Reached XP level 5. HP: 41/41 MP: 7/7
  2776 | D:4      | Reached skill level 4 in Unarmed Combat
  2812 | D:4      | Reached skill level 1 in Stealth
  2812 | D:4      | Reached XP level 6. HP: 23/50 MP: 9/9
  3091 | D:4      | Found Obeifoxo's Assorted Antiques.
  3101 | D:4      | Bought a glass ring for 115 gold pieces
  3205 | D:5      | Entered Level 5 of the Dungeon
  3589 | D:5      | Your scales start taking on a rich purple colour.
  3589 | D:5      | Reached XP level 7. HP: 36/56 MP: 11/11
  3596 | D:5      | Reached skill level 5 in Unarmed Combat
  4072 | D:6      | Identified the "Xoawk"
  4251 | D:6      | Noticed Pikel
  4275 | D:6      | Killed Pikel
  4276 | D:6      | Reached skill level 6 in Unarmed Combat
  4276 | D:6      | Reached XP level 8. HP: 31/66 MP: 12/14
  4468 | D:6      | Gained mutation: You are resistant to electric shocks.
                  | (rElec) [potion of mutation]
  4468 | D:6      | Gained mutation: You have a pair of small antennae on your
                  | head. [potion of mutation]
  4468 | D:6      | Gained mutation: You are weak. (Str -2) [potion of
                  | mutation]
  4469 | D:6      | HP: 1/66 [orc warrior/+0 hand axe (6)]
  4486 | D:6      | Slain by an orc warrior

Illustrated notes

Levels and vault maps discovered:
D:1:      dpeg_arrival_circle_labyrinth_c, layout_basic,
          chequers_ecumenical_altar_simple
D:2:      layout_basic, minmay_misc_feat_room
D:3:      layout_rooms
D:4:      layout_cave_pools, serial_shops, shop, minmay_crossroads
D:5:      layout_rooms
D:6:      layout_loops_cross, lemuel_blue_sif_altar, uniq_pikel, uniq_eustachio

Skill      XL: |  1  2  3  4  5  6  7  8 |
---------------+-------------------------+-----
Dodging        | 2 3 4 |  4.8
Spellcasting   | 1 2 4 |  4.1
Fighting       | 2 3 4 |  4.0
Unarmed Combat | 4 6 |  6.5
Stealth        | 1 |  1.7
Shapeshifting  | 4 |  4.9

Action                     |  1- 3 |  4- 6 |  7- 9 || total
---------------------------+-------+-------+-------++-------
  Melee: Unarmed           |   109 |   213 |    97 ||   419
         Tailslap          |    17 |    27 |    16 ||    60
         Punch             |       |    10 |     7 ||    17
Ability: Begin Untransform |     1 |       |       ||     1
         Breathe Dispellin |       |       |     3 ||     3
    Use: Potion            |       |     2 |     3 ||     5
         Scroll            |       |     2 |     2 ||     4
   Stab: Sleeping          |       |     4 |     2 ||     6
 Armour: Skin              |    52 |   130 |    56 ||   238
  Dodge: Dodged            |    45 |   124 |    54 ||   223
   Form: Beast             |     2 |       |     1 ||     3
                           |     1 |       |     1 ||     2

Table legend: (Time is in decaauts)
 A = Elapsed time spent in this place.
 B = Non-inter-level travel time spent in this place.
 C = Inter-level travel time spent in this place.
 D = Time resting spent in this place.
 E = Time spent auto-exploring this place.
 F = Levels seen in this place.
 G = Mean time per level.
                   A        B        C        D        E       F      G
               +--------+--------+--------+--------+--------+-----+--------+
         Total |   4457 |   4430 |     27 |    637 |   2612 |   6 |  742.8 |
       Dungeon |   4457 |   4430 |     27 |    637 |   2612 |   6 |  742.8 |
               +--------+--------+--------+--------+--------+-----+--------+

Top non-repeatable levels by time:
     D:1: 1115 daAuts
     D:4: 1040 daAuts
     D:5: 757 daAuts
     D:3: 612 daAuts
     D:2: 524 daAuts
     D:6: 407 daAuts
